 Dungeon Crawl Stone Soup version 0.27-a0-1071-ga85bd9520d (webtiles) character file.

Game seed: 15983151609717201234

1543 pokeman the Thaumaturge (level 8, 0/44 HPs)
             Began as a Deep Elf Hedge Wizard on Apr 24, 2021.
             Succumbed to a killer bee's poison
             ... on level 7 of the Dungeon.
             The game lasted 00:12:24 (7232 turns).

pokeman the Thaumaturge (Deep Elf Hedge Wizard)     Turns: 7232, Time: 00:12:24

Health: 0/44       AC:  3    Str:  7    XL:     8   Next: 56%
Magic:  12/23      EV: 13    Int: 22    God:
Gold:   276        SH:  0    Dex: 14    Spells: 8/26 levels left

rFire    + + .     SeeInvis .   v - +1 short sword (elec)
rCold    x x .     Faith    .   (no shield)
rNeg     . . .     Spirit   .   b - +0 robe
rPois    .         Reflect  .   A - +0 helmet
rElec    .         Harm     .   (no cloak)
rCorr    .         Rampage  .   (no gloves)
Will     .....                  (no boots)
Stlth    ++........             (no amulet)
HPRegen  0.14/turn              x - ring of fire
MPRegen  0.18/turn              D - ring of fire

@: lethally poisoned (0 -> -12)
A: no striking features
a: no special abilities


You were on level 7 of the Dungeon.
You visited 2 branches of the dungeon, and saw 8 of its levels.

You collected 276 gold pieces.

Inventory:

Hand Weapons
 v - a +1 short sword of electrocution (weapon)
 z - a +0 shortbow
Missiles
 i - 14 bolts
 o - 100 arrows
 y - 6 atropa-tipped darts
Armour
 b - a +0 robe (worn)
 A - a +0 helmet (worn)
Jewellery
 m - a +4 ring of protection
 t - a ring of protection from fire
 x - a ring of fire (left hand)
 D - a ring of fire (right hand)
 G - an amulet of guardian spirit
Wands
 p - a wand of paralysis (3)
 r - a wand of iceblast (8)
 u - a wand of charming (9)
 H - a wand of flame (7)
Scrolls
 a - 2 scrolls of fear {unknown}
 c - a scroll of fog {unknown}
 f - 6 scrolls of identify {unknown}
 g - a scroll of vulnerability {unknown}
 k - a scroll of amnesia {unknown}
 l - 2 scrolls of noise {unknown}
 n - 4 scrolls of enchant armour {unknown}
 F - a scroll of enchant weapon {unknown}
Potions
 d - a potion of haste {unknown}
 e - a potion of lignification {unknown}
 h - 3 potions of magic {unknown}
 j - a potion of brilliance {unknown}
 q - a potion of degeneration {unknown}
 s - 3 potions of cancellation {unknown}
 w - a potion of curing {unknown}
 B - a potion of resistance {unknown}
 C - a potion of flight {unknown}
 E - a potion of mutation {unknown}


   Skills:
 - Level 2.1 Fighting
 + Level 2.0 Armour
 - Level 3.3 Dodging
 - Level 3.2 Stealth
 * Level 9.9 Spellcasting
 + Level 5.2 Conjurations
 - Level 1.1 Summonings
 - Level 1.1 Translocations
 + Level 3.9 Fire Magic
 - Level 1.0 Air Magic
 - Level 1.0 Poison Magic
 - Level 2.1 Evocations


You had 8 spell levels left.
You knew the following spells:

 Your Spells              Type           Power      Damage    Failure   Level
a - Magic Dart            Conj           100%       1d8       1%          1
b - Mephitic Cloud        Conj/Pois/Air  21%        N/A       7%          3
c - Call Imp              Summ           15%        N/A       6%          2
d - Blink                 Tloc           N/A        N/A       6%          2
e - Conjure Flame         Conj/Fire      63%        6-21      2%          3
f - Foxfire               Conj/Fire      100%       2x1d9     1%          1
g - Fireball              Conj/Fire      31%        3d13      26%         5
h - Apportation           Tloc           30%        N/A       3%          1

Your spell library contained the following spells:

 Spells                   Type           Power      Damage    Failure   Level
 Summon Small Mammal      Summ           60%        N/A       3%          1
 Animate Skeleton         Necr           20%        N/A       6%          1
 Corona                   Hex            11%        N/A       6%          1
 Dazzling Flash           Conj/Hex       44%        N/A       6%          3
 Inner Flame              Hex/Fire       43%        N/A       9%          3
 Sticky Flame             Conj/Fire      63%        2d8       9%          4
 Ensorcelled Hibernation  Hex/Ice        20%        N/A       10%         2
 Slow                     Hex            10%        N/A       10%         2
 Confusing Touch          Hex            10%        N/A       19%         3
 Tukima's Dance           Hex            10%        N/A       19%         3


Dungeon Overview and Level Annotations

Branches:
Dungeon (7/15)             Temple (1/1) D:6

Altars:
Ashenzari
Dithmenos
Fedhas
Gozag
Hepliaklqana
Kikubaaqudgha
Makhleb
Nemelex Xobeh
Okawaru
Qazlal
Ru
Sif Muna
Trog
Uskayaw
Wu Jian
Xom
Yredelemnul
Zin
The Shining One


Message History

The killer bee appears confused.
The killer bee is engulfed in noxious fumes.
The killer bee appears confused.
The killer bee barely misses the killer bee.
Unknown command.
Unknown command.
Casting: Mephitic Cloud (dangerous; 7% risk of failure)
Confirm with . or Enter, or press ? or * to list all spells.
You feel a strong surge of power!
You conjure some foxfire!
You feel sick. The killer bee stings you! The killer bee completely misses you.
The killer bee is engulfed in noxious fumes.
The killer bee closely misses the killer bee.
The killer bee barely misses you.
The killer bee is engulfed in noxious fumes.
The killer bee appears confused.
The killer bee stings your foxfire. The killer bee misses you.
The killer bee closely misses you.
The killer bee is engulfed in noxious fumes.
The killer bee appears confused.
The killer bee misses your foxfire.
The killer bee is engulfed in noxious fumes.
The killer bee appears confused.
The killer bee stings you.
Unknown command.
You hit the killer bee.
The killer bee is severely wounded.
You feel sick.
The foxfire hits the killer bee but does no damage.
The killer bee is severely wounded.
The foxfire hits the killer bee!
You kill the killer bee!
The killer bee closely misses you.
The killer bee is engulfed in noxious fumes.
The killer bee closely misses you. The killer bee stings you.
You are more poisoned.
The killer bee poisons you!
The killer bee stings the killer bee!
The killer bee is engulfed in noxious fumes.
The killer bee stings you!
* * * LOW HITPOINT WARNING * * *
The killer bee stings you.
* * * LOW HITPOINT WARNING * * *
The killer bee closely misses the orc.
You die...

..........#####
$. ###......#
... ..
##......# ...
.###.......#
...
o..........#
#o##...####.###
##..o.# #.#
#..oy†######.#
#.yy.@...#.##
#.°y........#
#############


You could see 4 killer bees, an orc wizard and 2 orcs.

Vanquished Creatures
  Sigmund (D:2)
  2 water moccasins (D:5)
  An orc warrior (D:6)
  2 necrophages (D:5)
  An ogre (D:5)
  A centaur (D:5)
  A scorpion (D:6)
  2 killer bees (D:7)
  3 wights (D:7)
  A bullfrog zombie (D:6)
  A hound (D:5)
  2 jellies
  2 orc priests
  An iguana (D:6)
  2 orc wizards (D:5)
  10 adders
  A white imp (D:6)
  An ufetubus (D:4)
  4 worms
  4 dart slugs
  10 orcs
  4 ball pythons
  5 endoplasms
  4 giant cockroaches
  4 goblins
  3 hobgoblins
  4 jackals
  4 quokkas
  6 bats
  2 frilled lizards (D:1)
  6 kobolds
  22 rats
117 creatures vanquished.

Vanquished Creatures (collateral kills)
  An orc (D:3)
  A jackal (D:3)
2 creatures vanquished.

Vanquished Creatures (others)
  A human (D:3)
  33 foxfires (D:7)
34 creatures vanquished.

Grand Total: 153 creatures vanquished

Notes
Turn   | Place    | Note
-------+----------+-------------------------------------------
     0 | D:1      | pokeman the Deep Elf Hedge Wizard began the quest for the
                  | Orb.
     0 | D:1      | Reached XP level 1. HP: 10/10 MP: 7/7
   139 | D:1      | Reached XP level 2. HP: 9/15 MP: 0/9
   866 | D:1      | Reached skill level 5 in Spellcasting
   931 | D:1      | Found a faded altar of an unknown god.
  1169 | D:2      | Reached XP level 3. HP: 18/20 MP: 7/11
  1173 | D:2      | Learned a level 3 spell: Mephitic Cloud
  1176 | D:2      | Learned a level 2 spell: Call Imp
  1179 | D:2      | Learned a level 2 spell: Blink
  1183 | D:2      | Learned a level 3 spell: Conjure Flame
  1405 | D:2      | Reached skill level 1 in Fighting
  1405 | D:2      | Reached skill level 1 in Armour
  1773 | D:2      | Noticed Sigmund
  1804 | D:2      | Killed Sigmund
  1805 | D:2      | Reached skill level 6 in Spellcasting
  1805 | D:2      | Reached skill level 1 in Fire Magic
  1805 | D:2      | Reached XP level 4. HP: 20/25 MP: 7/14
  1805 | D:2      | Reached XP level 5. HP: 23/29 MP: 7/15
  2414 | D:3      | Found an ancient bone altar of Kikubaaqudgha.
  2415 | D:3      | Noticed a human
  2420 | D:3      | Killed a human
  2601 | D:3      | Reached skill level 1 in Poison Magic
  2601 | D:3      | Reached XP level 6. HP: 34/34 MP: 11/17
  3339 | D:3      | Found an iron altar of Okawaru.
  3352 | D:3      | Found a glowing golden altar of the Shining One.
  3773 | D:4      | Found an ornate altar of the Wu Jian Council.
  3939 | D:4      | Reached skill level 7 in Spellcasting
  3939 | D:4      | Reached skill level 1 in Air Magic
  3977 | D:4      | Learned a level 1 spell: Apportation
  4107 | D:4      | Found a hazy altar of Hepliaklqana.
  4261 | D:5      | Entered Level 5 of the Dungeon
  4343 | D:5      | Noticed a water moccasin
  4351 | D:5      | Killed a water moccasin
  4352 | D:5      | Reached skill level 1 in Evocations
  4441 | D:5      | Found a blossoming altar of Fedhas.
  4458 | D:5      | Reached XP level 7. HP: 20/38 MP: 6/20
  4841 | D:5      | Reached skill level 8 in Spellcasting
  4965 | D:5      | Found a glowing silver altar of Zin.
  4965 | D:5      | Found a shimmering altar of Xom.
  4965 | D:5      | Noticed an angel
  5777 | D:5      | Reached XP level 8. HP: 44/44 MP: 16/22
  5860 | D:6      | Found a bloodstained altar of Trog.
  5928 | D:6      | Reached skill level 9 in Spellcasting
  6300 | D:6      | Found a stormy altar of Qazlal.
  6449 | D:6      | Reached skill level 5 in Conjurations
  6485 | D:6      | Found a staircase to the Ecumenical Temple.
  6501 | Temple   | Entered the Ecumenical Temple
  6847 | D:6      | Learned a level 1 spell: Foxfire
  6853 | D:6      | Learned a level 5 spell: Fireball
  7232 | D:7      | Succumbed to a killer bee's poison

Illustrated notes

Levels and vault maps discovered:
D:1:      psy_arrival_statuary, layout_basic,
          shapermc_ecumenical_altar_mp_urbaneastern
D:2:      layout_rooms, uniq_sigmund
D:3:      layout_basic, tgw_kikubaaqudgha, amethyst_overflow_temple_binary,
          minmay_rat_hole
D:4:      layout_cave_pools, general_overflow_altar,
          nicolae_overflow_crystal_walls, st_stairs_7
D:5:      layout_basic, lemuel_crystal_altar,
          grunt_temple_overflow_order_and_chaos_1
D:6:      layout_basic, kennysheep_little_box, nicolae_qazlal_eye_of_the_storm,
          minmay_temple_entry_arrows
D:7:      minmay_blocky_corners, layout_rooms, lemuel_coloured_pillars_altar,
          uniq_maggie
Temple:   nicolae_temple_figure_zero

Skill      XL: |  1  2  3  4  5  6  7  8 |
---------------+-------------------------+-----
Spellcasting   | 5 6 7 8 9 |  9.9
Fighting       | 1 2 |  2.1
Armour         | 1 2 |  2.0
Conjurations   | 2 3 4 5 |  5.2
Dodging        | 3 |  3.3
Fire Magic     | 1 3 |  3.9
Poison Magic   | 1 |  1.0
Air Magic      | 1 |  1.0
Evocations     | 1 2 |  2.1
Stealth        | 3 |  3.2
Summonings     | |  1.1
Translocations | |  1.1

Action                   |  1- 3 |  4- 6 |  7- 9 || total
-------------------------+-------+-------+-------++-------
Melee: Dagger            |    17 |       |       ||    17
       Scythe            |       |     7 |       ||     7
       Short sword       |       |    49 |    16 ||    65
 Cast: Magic Dart        |    78 |    96 |   103 ||   277
       Mephitic Cloud    |     1 |     4 |     9 ||    14
       Conjure Flame     |     1 |     1 |     5 ||     7
       Call Imp          |       |     1 |       ||     1
       Foxfire           |       |       |    18 ||    18
 Stab: Sleeping          |       |     3 |       ||     3
       Confused          |       |     3 |     1 ||     4
Armor: Robe              |     3 |    22 |    16 ||    41
Dodge: Dodged            |    21 |    57 |    27 ||   105

Table legend: (Time is in decaauts)
 A = Elapsed time spent in this place.
 B = Non-inter-level travel time spent in this place.
 C = Inter-level travel time spent in this place.
 D = Time resting spent in this place.
 E = Time spent auto-exploring this place.
 F = Levels seen in this place.
 G = Mean time per level.
                   A        B        C        D        E       F      G
               +--------+--------+--------+--------+--------+-----+--------+
         Total |   7240 |   7095 |    145 |    196 |   6115 |   8 |  905.0 |
       Dungeon |   7098 |   6962 |    136 |    196 |   5984 |   7 | 1014.0 |
        Temple |    141 |    132 |      9 |      0 |    131 |   1 |  141.0 |
               +--------+--------+--------+--------+--------+-----+--------+

Top non-repeatable levels by time:
     D:5: 1579 daAuts
     D:3: 1516 daAuts
     D:6: 1079 daAuts
     D:1: 1061 daAuts
     D:2: 1035 daAuts
     D:4: 656 daAuts
     D:7: 169 daAuts
  Temple: 141 daAuts
